AoeStats
← wololo

Black Forest

504120916Analyzed
2v2 RM · 1mo ago on Sep 4, 2026· 18m 19s· 4 players
Game mode
Random Map
Map size
Medium (4 player)
Population
200
Speed
Normal
Resources
Standard
Victory
Conquest
Starting age
Dark Age
Ending age
Imperial Age
RankedLock teamsTeams togetherTeam positionsShared explorationLock speedFull tech treeHidden civsTurbo modeCheats
Victory
Defeat
🇨🇦 Magyars · Canada
1145
+9
🇨🇦 Japanese · Canada
790
+55
🇺🇸 Britons · United States
989
-17
🇵🇪 Celts · Peru
965
-16
thalasa
1:06 Loom
Lord_Mastermind
TanisGosu
9:58 Feudal Age
11:01 Arson
10:37 Man-at-Arms
12:59 Horse Collar
14:45 Gold Mining
16:13 Scale Mail Armor
16:23 Forging
16:51 Double-Bit Axe
wololo
16:08 Feudal Age
14:30 Loom
16:12 Man-at-Arms
16:51 Arson
Connection lost

Rejoining the realm…

Still unreachable

The connection could not be restored.

Session expired

The server has moved on; the page needs a fresh start.